 Dungeon Crawl Stone Soup version 0.24.0-123-gd5b16e6ec5 (webtiles) character file.

Game seed: 12845457194939536097, levelgen mode: deterministic

13 AuftragZ the Charmwright (level 2, -1/28 HPs)
             Began as a Gnoll Skald on Feb 5, 2020.
             Slain by a frilled lizard (2 damage)
             ... on level 2 of the Dungeon.
             The game lasted 00:02:27 (1020 turns).

AuftragZ the Charmwright (Gnoll Skald)              Turns: 1020, Time: 00:02:28

Health: -1/28      AC:  4    Str: 12 (13) XL:     2   Next: 37%
Magic:  6/7        EV: 13    Int: 13 (15) God:
Gold:   59         SH:  0    Dex: 13 (14) Spells: 5/10 levels left

rFire    . . .     SeeInvis .   a - +0 short sword
rCold    . . .     Gourm    .   (no shield)
rNeg     . . .     Faith    .   b - +1 leather armour
rPois    .         Spirit   .   (no helmet)
rElec    .         Reflect  .   (no cloak)
rCorr    .         Harm     .   (no gloves)
MR       .....                  (no boots)
Stlth    +.........             (no amulet)
HPRegen  0.09/turn              (no ring)
MPRegen  0.10/turn              (no ring)

@: no status effects
A: distributed training, fangs 1, deterioration 1, robust 1, evolution 1, strong
nose
a: no special abilities


You were on level 2 of the Dungeon.
You were not hungry.

You visited 1 branch of the dungeon, and saw 2 of its levels.

You collected 59 gold pieces.

Inventory:

Hand Weapons
 a - a +0 short sword (weapon)
Armour
 b - a +1 leather armour (worn)
Jewellery
 h - a +1 ring of protection {unknown}
Scrolls
 c - a scroll of identify
Comestibles
 d - 3 rations


   Skills:
 + Level 4.4 Fighting
 + Level 4.4 Short Blades
 + Level 0.3 Long Blades
 + Level 0.3 Axes
 + Level 0.3 Maces & Flails
 + Level 0.3 Polearms
 + Level 0.3 Staves
 + Level 0.3 Slings
 + Level 0.3 Bows
 + Level 0.3 Crossbows
 + Level 0.3 Throwing
 + Level 2.4 Armour
 + Level 4.4 Dodging
 + Level 0.3 Stealth
 + Level 0.3 Shields
 + Level 0.3 Unarmed Combat
 + Level 4.9 Spellcasting
 + Level 0.2 Conjurations
 + Level 0.2 Hexes
 + Level 5.3 Charms
 + Level 0.2 Summonings
 + Level 0.2 Necromancy
 + Level 0.2 Translocations
 + Level 0.2 Transmutations
 + Level 0.2 Fire Magic
 + Level 0.2 Ice Magic
 + Level 0.2 Air Magic
 + Level 0.2 Earth Magic
 + Level 0.2 Poison Magic
 + Level 0.4 Invocations
 + Level 0.3 Evocations


You had 5 spell levels left.
You knew the following spells:

 Your Spells              Type           Power        Failure   Level  Hunger
a - Infusion              Chrm           ###.         2%          1    None
b - Song of Slaying       Chrm           ###.....     4%          2    ##.....
c - Shroud of Golubria    Chrm/Tloc      ##....       12%         2    ##.....

Your spell library contained the following spells:

 Spells                   Type           Power        Failure   Level  Hunger
 Regeneration             Chrm/Necr      ##........   22%         3    ###....
 Spectral Weapon          Hex/Chrm       ##......     22%         3    ###....


Dungeon Overview and Level Annotations

Branches:
Dungeon (2/15)

Altars:


Innate Abilities, Weirdness & Mutations

Your experience applies equally to all skills.
You have very sharp teeth.
Your uncanny sense of smell can sniff out nearby items.
Your body sometimes deteriorates upon taking damage.
You are robust. (+10% HP)
You evolve.


Message History

The frilled lizard bites you but does no damage.
The leopard gecko misses you.
You barely miss the worm.
The worm is severely wounded.
The bat hits you but does no damage. The worm bites you!
The frilled lizard bites you. The leopard gecko bites you.
You hit the worm.
The worm is almost dead.
The bat hits you but does no damage.
The leopard gecko completely misses you.
The frilled lizard barely misses you.
You barely miss the worm.
The worm is almost dead.
The bat barely misses you. The worm bites you!
* * * LOW HITPOINT WARNING * * *
The leopard gecko barely misses you.
You completely miss the worm.
The worm is almost dead.
The bat closely misses you. The frilled lizard bites you.
You die...

#..#.#.#..#
#.........#
#..#.#.#..#
####...!.....#
...........##
###..[.......#
#....l)l.....#
#.w@......#
#..b......#
#..<......#
##.......##
##.....##
####### ∆ ∆


You could see a worm, a leopard gecko, a bat and a frilled lizard.

Vanquished Creatures
  3 bats (D:1)
  A goblin (D:1)
  3 hobgoblins (D:1)
  3 kobolds
10 creatures vanquished.

Notes
Turn   | Place    | Note
-------+----------+-------------------------------------------
     0 | D:1      | AuftragZ the Gnoll Skald began the quest for the Orb.
     0 | D:1      | Reached XP level 1. HP: 20/20 MP: 6/6
   466 | D:1      | Reached XP level 2. HP: 25/26 MP: 7/7
   470 | D:1      | Learned a level 2 spell: Song of Slaying
   473 | D:1      | Learned a level 2 spell: Shroud of Golubria
   697 | D:1      | Gained mutation: You are frail. (-10% HP) [potion of
                  | mutation]
   697 | D:1      | Gained mutation: You expend magic power (3 MP) to
                  | strengthen your wands. [potion of mutation]
   697 | D:1      | Gained mutation: Your muscles are strong. (Str +2) [potion
                  | of mutation]
   698 | D:1      | Lost mutation: You expend magic power (3 MP) to strengthen
                  | your wands. [potion of mutation]
   698 | D:1      | Lost mutation: You are frail. (-10% HP) [potion of
                  | mutation]
   698 | D:1      | Lost mutation: Your muscles are strong. (Str +2) [potion of
                  | mutation]
   698 | D:1      | Gained mutation: Your body sometimes deteriorates upon
                  | taking damage. [potion of mutation]
   698 | D:1      | Gained mutation: You are robust. (+10% HP) [potion of
                  | mutation]
   698 | D:1      | Gained mutation: You evolve. [potion of mutation]
  1019 | D:2      | HP: 1/28 [worm (9)]
  1020 | D:2      | Slain by a frilled lizard

Levels and vault maps discovered:
D:1:      psy_arrival_whirlpool, layout_loops_ring
D:2:      layout_rooms, serial_glass, glass_columns_c, glass_columns_a,
          glass_columns_b, glass_columns_b, glass_columns_a, glass_columns_b,
          glass_columns_a, glass_columns_b, nemelex_dance_club_becter

Action                   || total
-------------------------++-------
Melee: Short sword       ||    46
       Bite              ||     1
 Cast: Shroud of Golubri ||     1
  Use: Scroll            ||     5
       Potion            ||     4
Armor: Leather armour    ||    22
Dodge: Dodged            ||    69
